 Dungeon Crawl Stone Soup version 0.19.0-16-g73b5abf (webtiles) character file.

95 benbatman the Cutter (level 4, 0/27 HPs)
             Began as a Halfling Artificer on Nov 9, 2016.
             Slain by Grinder (5 damage)
             ... while paralysed by Grinder
             ... on level 3 of the Dungeon on Nov 10, 2016.
             The game lasted 00:09:57 (2575 turns).

benbatman the Cutter (Halfling Artificer)           Turns: 2575, Time: 00:09:58

Health: 0/27       AC:  3    Str: 13    XL:     4   Next: 95%
Magic:  6/6        EV:  3    Int:  9    God:
Gold:   105        SH:  0    Dex: 15    Spells: 0 memorised, 3 levels left

rFire  . . .     SeeInvis .     a - +0 short sword
rCold  . . .     Gourm    .     b - +0 leather armour
rNeg   . . .     Faith    .     (shield restricted)
rPois  .         Spirit   .     (no helmet)
rElec  .         Reflect  .     (no cloak)
rCorr  .         Harm     .     (no gloves)
MR     .....                    (no boots)
Stlth  ++........               (no amulet)
                                (no ring)
                                (no ring)

@: paralysed
A: mutation resistance 1
a: no special abilities


You were on level 3 of the Dungeon.
You were not hungry.

You visited 1 branch of the dungeon, and saw 3 of its levels.

You collected 105 gold pieces.

Inventory:

Hand Weapons
 a - a +0 short sword (weapon)
Armour
 b - a +0 leather armour (worn)
 t - a +1 scale mail of cold resistance
Wands
 c - a wand of flame (3/48)
 d - a wand of enslavement (15/24)
 e - a wand of random effects (15/48)
Scrolls
 g - a scroll of random uselessness {unknown}
 i - 5 scrolls of magic mapping {unknown}
 k - 2 scrolls of amnesia {unknown}
 m - a scroll of enchant weapon {unknown}
 n - 4 scrolls of identify {unknown}
 p - a scroll of teleportation {unknown}
 q - a scroll of enchant armour {unknown}
Potions
 l - a potion of brilliance {unknown}
 r - a potion of flight {unknown}
Comestibles
 f - 2 bread rations
 h - 2 beef jerkies
 j - 3 chunks of flesh
 o - 3 fruits
 s - a meat ration


   Skills:
 - Level 0.8 Fighting
 * Level 4.1 Short Blades
 * Level 3.6 Dodging
 - Level 1.1 Stealth
 - Level 3.0 Evocations


You had 3 spell levels left.
You didn't know any spells.

Dungeon Overview and Level Annotations

Branches:
Dungeon (3/15)

Altars:

Annotations:
D:3 Grinder


Innate Abilities, Weirdness & Mutations

You are small and have problems with some larger weapons.
You are somewhat resistant to further mutation.


Message History

Aim: Grinder (severely wounded, unusually agile)
The puff of flame misses Grinder.
This wand has 4 charges left.
Zapping:
c - a wand of flame (4/48)
Press: ? - help, Shift-Dir - straight line, f/p - Grinder
Aim: Grinder (severely wounded, unusually agile)
The puff of flame hits Grinder.
Grinder is almost dead.
This wand has 3 charges left.
Grinder gestures at you. You resist with significant effort.
You closely miss Grinder.
Grinder is almost dead.
Grinder gestures at you.
You suddenly lose the ability to move!
Grinder hits you!
You writhe in agony.
Grinder hits you.
You writhe in agony.
Grinder hits you.
* * * LOW HITPOINT WARNING * * *
You writhe in agony.
You die...

.. #.#..##.##.#
. ......##.# .
.... #.##.#
#.#.##.#
..###.#.##.#
...........# #.
.#####.##.#
.#...#####.##.#
.......5@..##.#
.#...########.#
#. #.# ... .#


You could see Grinder.

Vanquished Creatures
  4 adders
  A worm (D:2)
  2 dart slugs (D:2)
  4 leopard geckos
  An orc (D:3)
  A giant cockroach (D:2)
  4 goblins
  6 hobgoblins
  4 jackals (D:1)
  A kobold (D:2)
  A ball python (D:3)
  12 bats
  3 frilled lizards (D:1)
  4 rats
48 creatures vanquished.

Notes
Turn   | Place    | Note
-------+----------+-------------------------------------------
     0 | D:1      | benbatman the Halfling Artificer began the quest for the Orb.
     0 | D:1      | Reached XP level 1. HP: 12/12 MP: 3/3
   129 | D:1      | Reached XP level 2. HP: 18/18 MP: 4/4
   153 | D:1      | Reached skill level 2 in Short Blades
   512 | D:1      | Reached XP level 3. HP: 22/22 MP: 5/5
   543 | D:1      | Upgraded the game from 0.19.0-11-g3fc08b3 to 0.19.0-16-g73b5abf
  1089 | D:2      | Reached skill level 3 in Short Blades
  1494 | D:2      | Reached XP level 4. HP: 27/27 MP: 6/6
  2241 | D:3      | Reached skill level 4 in Short Blades
  2561 | D:3      | Noticed Grinder
  2572 | D:3      | Paralysed by Grinder for 4 turns
  2575 | D:3      | Slain by Grinder

Skill      XL: |  1  2  3  4 |
---------------+-------------+-----
Short Blades   | 2 3 4 |  4.1
Dodging        | 3 |  3.6
Fighting       | |  0.8
Stealth        | |  1.1
Evocations     | |  3.0

Action                   |  1- 3 |  4- 6 || total
-------------------------+-------+-------++-------
Melee: Short sword       |   138 |    70 ||   208
Evoke: Wand              |       |    12 ||    12
 Stab: Sleeping          |     2 |     1 ||     3
  Eat: Chunk             |     1 |     4 ||     5
Armor: Leather armour    |    32 |    10 ||    42
Dodge: Dodged            |   111 |    71 ||   182
